MLB
CHICAGO WHITE SOX @ KANSAS CITY ROYALS
09/09/2098
 
TOP OF THE 1ST
Chicago White Sox batting - Pitching for Kansas City Royals : LHP Jim Connell
Pitching: LHP Jim Connell
Batting: RHB Luis Marquina 0-0: Called Strike
0-1: SOLO HOME RUN (Flyball, 7D, EV 100.0 MPH), Distance : 370 ft
Batting: RHB Butch Arnett 0-0: Ball
1-0: Called Strike
1-1: Fly out, F9 (Line Drive, 9S, EV 95.6 MPH)
Batting: RHB Joey Aimone 0-0: Ball
1-0: Ball
2-0: Foul Ball, location: 2F
2-1: Called Strike
2-2: Ball
3-2: Strikes out swinging
Batting: LHB Dan Roos 0-0: Swinging Strike
0-1: Foul Ball, location: 7LDF
0-2: Ball
1-2: Strikes out swinging
Top of the 1st over - 1 run, 1 hit, 0 errors, 0 left on base; Chicago 1 - Kansas City 0
BOTTOM OF THE 1ST
Kansas City Royals batting - Pitching for Chicago White Sox : RHP Garrett Bohannan
Pitching: RHP Garrett Bohannan
Batting: LHB Danny Bonilla 0-0: SINGLE (Line Drive, 6M, EV 107.5 MPH)
Batting: RHB Kevin Stark 0-0: Foul Ball, location: 9LDF
0-1: Foul Ball, location: 3SF
0-2: Foul Ball, location: 3F
0-2: Ball
1-2: Fielders Choice at 2nd, 1-6 (Groundball, 13S, EV 70.0 MPH)
Batting: LHB Jorge Castillo 0-0: Ball
1-0: Ball
2-0: Ball
3-0: Base on Balls
Kevin Stark to second
Batting: RHB Blake Linden 0-0: Called Strike
0-1: Swinging Strike
0-2: Ball
1-2: Strikes out swinging
Batting: LHB Mike Andreas 0-0: Called Strike
0-1: Ball
1-1: Swinging Strike
1-2: Foul Ball, location: 7LMF
1-2: Foul Ball, location: 5F
1-2: Ball
2-2: Fielders Choice at 2nd, U4 (Groundball, 4M, EV 84.4 MPH)
Bottom of the 1st over - 0 runs, 1 hit, 0 errors, 2 left on base; Chicago 1 - Kansas City 0
TOP OF THE 2ND
Chicago White Sox batting - Pitching for Kansas City Royals : LHP Jim Connell
Pitching: RHP Javon Bolton
Batting: RHB John Kofoid 0-0: Called Strike
0-1: Ball
1-1: Foul Ball, location: 2F
1-2: Foul Ball, location: 23F
1-2: SINGLE (Line Drive, 8RS, EV 100.6 MPH)
Batting: LHB Kevin Howard 0-0: Ball
1-0: Bunted foul
1-1: Sac Bunt to 2R - play at second, runner OUT! 2-6
Batting: RHB Jose Delgado 0-0: Ball
1-0: Foul Ball, location: 7LDF
1-1: Called Strike
Kevin Howard steals 2nd base
1-2: Strikes out looking
Batting: RHB Fernando De Faria 0-0: Ball
1-0: Called Strike
1-1: Called Strike
1-2: Ball
Wild Pitch!
Kevin Howard to third
2-2: Strikes out looking
Top of the 2nd over - 0 runs, 1 hit, 0 errors, 1 left on base; Chicago 1 - Kansas City 0
BOTTOM OF THE 2ND
Kansas City Royals batting - Pitching for Chicago White Sox : RHP Garrett Bohannan
Batting: RHB Rafael Ochoa 0-0: SINGLE (Groundball, 56D, EV 98.1 MPH)
Batting: LHB Tony Monterosa 0-0: Foul Ball, location: 2F
0-1: Ball
Rafael Ochoa steals 2nd base
1-1: Ground out 1-3 (Groundball, 13S, EV 69.4 MPH)
Rafael Ochoa to third
Batting: RHB Maurice Groen 0-0: Called Strike
0-1: Ball
1-1: Called Strike
1-2: Strikes out swinging
Batting: RHB Tim Kingsley 0-0: Ball
1-0: Ball
2-0: Ball
3-0: Base on Balls
Batting: LHB Danny Bonilla 0-0: Foul Ball, location: 2F
0-1: Fly out, F8 (Flyball, 8RXD, EV 110.6 MPH)
Bottom of the 2nd over - 0 runs, 1 hit, 0 errors, 2 left on base; Chicago 1 - Kansas City 0
TOP OF THE 3RD
Chicago White Sox batting - Pitching for Kansas City Royals : RHP Javon Bolton
Batting: RHB Vinny Figueroa 0-0: Ball
1-0: Foul Ball, location: 7LMF
1-1: Ball
2-1: Swinging Strike
2-2: TRIPLE (Flyball, 78XD, EV 109.4 MPH)
Batting: RHB Luis Marquina 0-0: Foul Ball, location: 3DF
0-1: Foul Ball, location: 25F
0-2: Foul Ball, location: 3SF
0-2: Ball
1-2: Ball
Wild Pitch!
Vinny Figueroa scores
2-2: DOUBLE (Flyball, 8RXD, EV 111.9 MPH)
Batting: RHB Butch Arnett 0-0: Ball
1-0: Foul Ball, location: 23FF
1-1: Ball
2-1: Foul Ball, location: 3F
2-2: Ball
3-2: Fly out, F6 (Popup, 6S, EV 85.6 MPH)
Batting: RHB Joey Aimone 0-0: Swinging Strike
0-1: Ball
1-1: Ball
2-1: Called Strike
2-2: Foul Ball, location: 9LDF
2-2: Foul Ball, location: 2F
2-2: Ground out U3 (Groundball, 34, EV 98.8 MPH)
Luis Marquina to third
Batting: LHB Dan Roos 0-0: SINGLE (Line Drive, 7S, EV 95.0 MPH)
Luis Marquina scores
Batting: RHB John Kofoid 0-0: Called Strike
0-1: Swinging Strike
0-2: Fielders Choice at 2nd, 6-4 (Groundball, 6, EV 80.6 MPH)
Top of the 3rd over - 2 runs, 3 hits, 0 errors, 1 left on base; Chicago 3 - Kansas City 0
BOTTOM OF THE 3RD
Kansas City Royals batting - Pitching for Chicago White Sox : RHP Garrett Bohannan
Batting: RHB Kevin Stark 0-0: Ball
1-0: Ball
2-0: Ball
3-0: Called Strike
3-1: Base on Balls
Batting: LHB Jorge Castillo 0-0: Foul Ball, location: 5F
0-1: Fly out, F3 (Popup, 23, EV 91.9 MPH)
Batting: RHB Blake Linden 0-0: Called Strike
0-1: Called Strike
0-2: Ball
1-2: Strikes out swinging
Batting: LHB Mike Andreas 0-0: Called Strike
0-1: Ball
1-1: Ball
2-1: Ball
3-1: Foul Ball, location: 9LMF
3-2: Base on Balls
Kevin Stark to second
Batting: RHB Rafael Ochoa 0-0: Ball
1-0: Ball
2-0: Called Strike
2-1: Ball
3-1: Fly out, F7 (Flyball, 7, EV 91.3 MPH)
Bottom of the 3rd over - 0 runs, 0 hits, 0 errors, 2 left on base; Chicago 3 - Kansas City 0
TOP OF THE 4TH
Chicago White Sox batting - Pitching for Kansas City Royals : RHP Javon Bolton
Batting: LHB Kevin Howard 0-0: Called Strike
0-1: SINGLE (Line Drive, 5D, EV 105.6 MPH)
Batting: RHB Jose Delgado 0-0: Ball
1-0: SINGLE (Groundball, 4MD, EV 95.6 MPH)
Kevin Howard to second
Pitching: RHP Rick Whitley
Batting: RHB Fernando De Faria 0-0: Fielders Choice at 2nd, 1-4 (Groundball, P, EV 65.6 MPH)
Kevin Howard to third
Batting: RHB Vinny Figueroa 0-0: Ball
1-0: Fielders Choice at 2nd, 5-4 (Groundball, 56, EV 88.1 MPH)
Kevin Howard scores
Batting: RHB Luis Marquina 0-0: Ball
1-0: Ball
2-0: Foul Ball, location: 2F
2-1: Ball
3-1: Foul Ball, location: 2F
3-2: SINGLE (Line Drive, 3D, EV 103.1 MPH)
Vinny Figueroa to second
Vinny Figueroa to third
Batting: RHB Butch Arnett 0-0: Ball
1-0: Fly out, F3 (Popup, 3F, EV 62.5 MPH)
Top of the 4th over - 1 run, 3 hits, 0 errors, 2 left on base; Chicago 4 - Kansas City 0
BOTTOM OF THE 4TH
Kansas City Royals batting - Pitching for Chicago White Sox : RHP Garrett Bohannan
Batting: LHB Tony Monterosa 0-0: Ball
1-0: Called Strike
1-1: Ball
2-1: Called Strike
2-2: Ball
3-2: Foul Ball, location: 3F
3-2: Foul Ball, location: 5DF
3-2: Foul Ball, location: 3F
3-2: Base on Balls
Batting: RHB Maurice Groen 0-0: Ball
1-0: Called Strike
1-1: Fly out, F9 (Flyball, 89S, EV 91.9 MPH)
Batting: RHB Tim Kingsley 0-0: Foul Ball, location: 2F
0-1: Ball
1-1: Grounds into double play, 6-4-3 (Groundball, 6, EV 81.3 MPH)
Bottom of the 4th over - 0 runs, 0 hits, 0 errors, 0 left on base; Chicago 4 - Kansas City 0
TOP OF THE 5TH
Chicago White Sox batting - Pitching for Kansas City Royals : RHP Rick Whitley
Batting: RHB Joey Aimone 0-0: Ball
1-0: Foul Ball, location: 2F
1-1: Called Strike
1-2: SINGLE (Line Drive, 6MD, EV 108.8 MPH)
Batting: LHB Dan Roos 0-0: Fly out, F9 (Flyball, 89S, EV 75.6 MPH)
Batting: RHB John Kofoid 0-0: SINGLE (Line Drive, 56, EV 95.0 MPH)
Joey Aimone to second
Batting: LHB Kevin Howard 0-0: Fly out, F7 (Flyball, 7S, EV 74.4 MPH)
Lined into DP, 7-4 (Flyball, 7S, EV 74.4 MPH)
Top of the 5th over - 0 runs, 2 hits, 0 errors, 1 left on base; Chicago 4 - Kansas City 0
BOTTOM OF THE 5TH
Kansas City Royals batting - Pitching for Chicago White Sox : RHP Garrett Bohannan
Batting: LHB Danny Bonilla 0-0: Fly out, F8 (Flyball, 8RD, EV 83.1 MPH)
Batting: RHB Kevin Stark 0-0: Called Strike
0-1: Fly out, F7 (Flyball, 7, EV 91.9 MPH)
Batting: LHB Jorge Castillo 0-0: Ball
1-0: Foul Ball, location: 7LMF
1-1: Called Strike
1-2: Ball
2-2: Ball
3-2: Base on Balls
Batting: RHB Blake Linden 0-0: Foul Ball, location: 3DF
0-1: Ball
1-1: Foul Ball, location: 2F
1-2: Strikes out swinging
Bottom of the 5th over - 0 runs, 0 hits, 0 errors, 1 left on base; Chicago 4 - Kansas City 0
TOP OF THE 6TH
Chicago White Sox batting - Pitching for Kansas City Royals : RHP Rick Whitley
Batting: RHB Jose Delgado 0-0: Called Strike
0-1: Fly out, F7 (Line Drive, 7, EV 110.0 MPH)
Batting: RHB Fernando De Faria 0-0: Foul Ball, location: 9LMF
0-1: Called Strike
0-2: Foul Ball, location: 2F
0-2: Strikes out swinging
Batting: RHB Vinny Figueroa 0-0: Foul Ball, location: 2F
0-1: SINGLE (Line Drive, 4D, EV 105.0 MPH)
Batting: RHB Luis Marquina 0-0: Ball
1-0: Ball
2-0: Ball
3-0: Called Strike
3-1: Foul Ball, location: 2F
3-2: Ground out 1-3 (Groundball, 15S, EV 66.9 MPH)
Top of the 6th over - 0 runs, 1 hit, 0 errors, 1 left on base; Chicago 4 - Kansas City 0
BOTTOM OF THE 6TH
Kansas City Royals batting - Pitching for Chicago White Sox : RHP Garrett Bohannan
Batting: LHB Mike Andreas 0-0: Called Strike
0-1: Fly out, F4 (Popup, 4, EV 64.4 MPH)
Batting: RHB Rafael Ochoa 0-0: Called Strike
0-1: Ground out 6-3 (Groundball, 6, EV 82.5 MPH)
Batting: LHB Tony Monterosa 0-0: Ball
1-0: Ground out 4-3 (Groundball, 4, EV 89.4 MPH)
Bottom of the 6th over - 0 runs, 0 hits, 0 errors, 0 left on base; Chicago 4 - Kansas City 0
TOP OF THE 7TH
Chicago White Sox batting - Pitching for Kansas City Royals : RHP Rick Whitley
Batting: RHB Butch Arnett 0-0: Ball
1-0: Ball
2-0: Called Strike
2-1: Ball
3-1: Foul Ball, location: 2F
3-2: Strikes out looking
Batting: RHB Joey Aimone 0-0: Ball
1-0: Foul Ball, location: 2F
1-1: Fly out, F9 (Flyball, 9D, EV 93.8 MPH)
Batting: LHB Dan Roos 0-0: Ball
1-0: Foul Ball, location: 7LSF
1-1: Fly out, F8 (Line Drive, 8RS, EV 94.4 MPH)
Top of the 7th over - 0 runs, 0 hits, 0 errors, 0 left on base; Chicago 4 - Kansas City 0
BOTTOM OF THE 7TH
Kansas City Royals batting - Pitching for Chicago White Sox : RHP Garrett Bohannan
Pitching: LHP Carlos Castro
Batting: RHB Maurice Groen 0-0: Ball
1-0: Ball
2-0: Called Strike
2-1: Ball
3-1: Swinging Strike
3-2: Strikes out swinging
Batting: RHB Tim Kingsley 0-0: Ball
1-0: Called Strike
1-1: Ground out 5-3 (Groundball, 5, EV 98.8 MPH)
Pinch Hitting: RHB Alex Rios 0-0: Ball
1-0: Called Strike
1-1: Foul Ball, location: 9LSF
1-2: Ball
2-2: Foul Ball, location: 9LMF
2-2: Foul Ball, location: 25FF
2-2: Strikes out swinging
Bottom of the 7th over - 0 runs, 0 hits, 0 errors, 0 left on base; Chicago 4 - Kansas City 0
TOP OF THE 8TH
Chicago White Sox batting - Pitching for Kansas City Royals : RHP Rick Whitley
Pitching: LHP Angelo Castillo
Now at 3B: Alex Rios
Now at SS: Kevin Stark
Batting: RHB John Kofoid 0-0: Foul Ball, location: 2F
0-1: DOUBLE (Flyball, 78XD, EV 110.6 MPH)
Batting: LHB Kevin Howard 0-0: DOUBLE (Line Drive, 89D, EV 102.5 MPH)
John Kofoid scores
Batting: RHB Jose Delgado 0-0: Ball
1-0: Ball
2-0: Foul Ball, location: 9LMF
2-1: Fly out, F4 (Popup, 4MS, EV 71.3 MPH)
Batting: RHB Fernando De Faria 0-0: Ball
1-0: Foul Ball, location: 2F
1-1: Ball
2-1: Foul Ball, location: 2F
2-2: Ball
3-2: Foul Ball, location: 3DF
3-2: Base on Balls
Batting: RHB Vinny Figueroa 0-0: Called Strike
0-1: Ball
1-1: Ball
2-1: Ground out 6-3 (Groundball, 56D, EV 103.1 MPH)
Kevin Howard to third
Fernando De Faria to second
Batting: RHB Luis Marquina 0-0: Called Strike
0-1: Ball
1-1: Ground out 3-1 (Groundball, 34S, EV 80.0 MPH)
Top of the 8th over - 1 run, 2 hits, 0 errors, 2 left on base; Chicago 5 - Kansas City 0
BOTTOM OF THE 8TH
Kansas City Royals batting - Pitching for Chicago White Sox : LHP Carlos Castro
Batting: RHB Kevin Stark 0-0: SINGLE (Line Drive, 56D, EV 105.6 MPH)
Batting: LHB Jorge Castillo 0-0: Ball
1-0: Foul Ball, location: 7LMF
1-1: Ball
2-1: Swinging Strike
2-2: Grounds into double play, 6-4-3 (Groundball, 6, EV 80.6 MPH)
Batting: RHB Blake Linden 0-0: Fly out, F8 (Flyball, 8RM, EV 76.3 MPH)
Bottom of the 8th over - 0 runs, 1 hit, 0 errors, 0 left on base; Chicago 5 - Kansas City 0
TOP OF THE 9TH
Chicago White Sox batting - Pitching for Kansas City Royals : LHP Angelo Castillo
Batting: RHB Butch Arnett 0-0: Ball
1-0: Ball
2-0: Called Strike
2-1: Ball
3-1: Base on Balls
Batting: RHB Joey Aimone 0-0: Ball
1-0: Ball
2-0: Ball
3-0: Base on Balls
Butch Arnett to second
Batting: LHB Dan Roos 0-0: Ball
1-0: Ball
2-0: Called Strike
2-1: Ball
3-1: DOUBLE (Line Drive, 78XD, EV 103.8 MPH)
Butch Arnett scores
Joey Aimone to third
Pitching: LHP Josh Knapp
Batting: RHB John Kofoid 0-0: Ball
1-0: Foul Ball, location: 2F
1-1: Called Strike
1-2: Strikes out swinging
Batting: LHB Kevin Howard 0-0: Called Strike
0-1: Called Strike
0-2: Ball
1-2: Ball
2-2: Foul Ball, location: 9LSF
2-2: Strikes out looking
Batting: RHB Jose Delgado 0-0: Ball
1-0: Ground out 5-3 (Groundball, 56S, EV 91.9 MPH)
Top of the 9th over - 1 run, 1 hit, 0 errors, 2 left on base; Chicago 6 - Kansas City 0
BOTTOM OF THE 9TH
Kansas City Royals batting - Pitching for Chicago White Sox : LHP Carlos Castro
Batting: LHB Mike Andreas 0-0: Ball
1-0: Ball
2-0: Foul Ball, location: 2F
2-1: Ball
3-1: Called Strike
3-2: Fly out, F8 (Flyball, 8LM, EV 86.9 MPH)
Batting: RHB Rafael Ochoa 0-0: Called Strike
0-1: Ball
1-1: Foul Ball, location: 7LMFF
1-2: Foul Ball, location: 23FF
1-2: Strikes out swinging
Batting: LHB Tony Monterosa 0-0: Ball
1-0: Foul Ball, location: 7LMF
1-1: Ball
2-1: Ball
3-1: Ground out 1-3 (Groundball, 13S, EV 60.6 MPH)
Bottom of the 9th over - 0 runs, 0 hits, 0 errors, 0 left on base; Chicago 6 - Kansas City 0
Sunday, April 14th , 2024 - OOTP Baseball 24.11 Build 85